Map: Ephemeron LE

Players

Kelazhur - Winner!

  • Race: Terran Terran
  • Spawn Location: 11:00

uThermal

  • Race: Terran Terran
  • Spawn Location: 5:00

VOD

Have the link to the VOD?

Description

Time

  • Played on: Sept. 6, 2019, 7:01 p.m.
  • Length: 11:48
Show
View Real Time Build Order
Export as new Build Order

Kelazhur Terran - Winner!

Build Orders: Liberator Opening 

Get SALT Encoding   

  12  0:00  SCV  
  13  0:12  SCV  
  14  0:17  Supply Depot  
  14  0:25  SCV  
  15  0:28  Refinery  
  15  0:39  SCV  
  16  0:44  Barracks  
  16  0:51  SCV  
  16  0:55  Refinery  
  17  1:03  SCV  
  18  1:15  SCV  
  19  1:32  Orbital Command  
  19  1:33  Factory  
  19  1:34  Reaper  
  20  1:44  Supply Depot  
  20  1:57  SCV  
  21  2:06  Reaper  
  22  2:09  SCV  
  23  2:17  Hellion  
  23  2:21  SCV  
  26  2:30  Supply Depot  
  26  2:34  SCV  
  27  2:38  Hellion  
  27  2:39  Reaper  
  30  2:48  Command Center, SCV  
  31  2:56  Supply Depot  
  31  3:00  SCV  
  31  3:12  SCV  
  32  3:15  Factory Tech Lab, Barracks Reactor  
  32  3:24  SCV  
  28  3:34  Cyclone  
  28  3:35  Starport  
  28  3:37  SCV  
  32  3:49  SCV  
  32  3:51  Marine x2  
  35  3:57  Liberator  
  35  4:01  SCV, Orbital Command  
  36  4:08  Cyclone  
  36  4:09  Marine x2  
  41  4:13  SCV  
  43  4:18  Orbital Command  
  43  4:27  Marine x2  
  45  4:40  Siege Tank, Command Center  
  45  4:42  SCV  
  49  4:46  Marine x2  
  51  4:53  SCV  
  51  4:54  SCV  
  51  4:55  Refinery  
  51  4:57  Starport Tech Lab  
  53  5:05  Marine x2, SCV  
  56  5:12  SCV  
  57  5:17  SCV  
  57  5:20  Raven  
  60  5:25  SCV, Refinery  
  60  5:26  Supply Depot  
  60  5:27  Supply Depot  
  61  5:29  SCV  
  62  5:47  Marine x2  
  62  5:48  Siege Tank, SCV x2  
  69  5:51  Supply Depot  
  69  5:53  Command Center  
  69  5:56  Orbital Command  
  69  6:00  SCV x2  
  71  6:08  Marine x2  
  73  6:12  SCV  
  73  6:14  SCV  
  75  6:21  Supply Depot  
  75  6:22  Siege Tank  
  75  6:24  SCV  
  79  6:26  Marine  
  79  6:27  Raven  
  79  6:31  SCV  
  83  6:33  Barracks  
  83  6:36  SCV  
  82  6:42  Marine  
  82  6:43  SCV  
  82  6:47  SCV  
  81  6:54  Siege Tank  
  81  7:00  SCV  
  81  7:01  SCV  
  83  7:05  SCV  
  83  7:09  Marine  
  83  7:14  SCV  
  73  7:21  SCV  
  68  7:26  SCV  
  68  7:27  Orbital Command  
  68  7:28  Starport Reactor  
  69  7:30  Barracks Tech Lab  
  69  7:34  Barracks  
  69  7:35  Barracks, SCV, Engineering Bay  
  69  7:36  Barracks, Engineering Bay  
  69  7:43  SCV  
  70  7:45  Marauder  
  70  7:46  Stimpack  
  70  7:49  Siege Tank  
  75  7:51  SCV  
  75  7:54  Liberator x2  
  75  7:55  SCV, Supply Depot  
  75  7:56  Supply Depot  
  75  7:57  SCV, Marauder  
  77  8:02  Terran Infantry Weapons Level 1  
  77  8:03  SCV  
  77  8:04  Refinery  
  77  8:05  Terran Infantry Armor Level 1  
  78  8:06  Combat Shield  
  78  8:07  Marauder  
  78  8:12  SCV  
  87  8:14  SCV  
  88  8:23  Barracks Tech Lab x2  
  88  8:24  Barracks Reactor  
  88  8:26  SCV x2  
  90  8:28  Marauder x2  
  90  8:29  Siege Tank  
  90  8:32  SCV  
  98  8:38  SCV, Refinery  
  98  8:39  Command Center  
  98  8:40  Supply Depot  
  99  8:43  Marauder  
  99  8:44  Marauder, Concussive Shells  
  99  8:47  Supply Depot  
  103  8:50  Armory  
  103  8:52  Marauder x2  
  107  8:56  Medivac x2  
  107  9:02  Marine x2  
  113  9:10  Marauder  
  113  9:11  Marauder  
  113  9:20  Marauder x2  
  113  9:21  Command Center  
  113  9:22  Supply Depot  
  113  9:23  SCV x3  
  120  9:25  Marine x2, Supply Depot x2  
  120  9:30  Siege Tank  
  125  9:33  Medivac, Marauder x2  
  125  9:34  Medivac  
  125  9:35  SCV  
  134  9:41  Marauder x2  
  134  9:43  Marine  
  134  9:45  SCV x2  
  138  9:50  Marine  
  139  9:54  Marauder x2  
  140  10:01  Marine  
  140  10:02  Siege Tank, Marauder  
  140  10:07  Marauder  
  146  10:08  Marine  
  147  10:15  Marine  
  147  10:16  Marauder  
  147  10:20  Marine  
  149  10:24  Marauder  
  149  10:26  Marine  
  149  10:27  Marine  
  150  10:34  Marauder  
  152  10:38  SCV x3  
  152  10:42  Marauder  
  153  10:50  SCV  
  153  10:51  Marauder  
  151  10:57  Marauder x2  
  151  10:59  Marine  
  151  11:00  Marine  
  151  11:03  Marauder  
  159  11:07  Medivac x2  
  154  11:12  Marauder  
  154  11:17  Marine x2  
  158  11:18  Marine  
  158  11:19  Marauder  
  158  11:24  Marine  
Show
View Real Time Build Order
Export as new Build Order

uThermal Terran 

Build Orders:  

Get SALT Encoding   

  12  0:01  SCV  
  13  0:14  Supply Depot  
  13  0:19  SCV  
  14  0:37  Barracks  
  14  0:49  Barracks  
  14  0:55  Refinery  
  14  1:03  Refinery  
  14  1:09  SCV  
  15  1:21  SCV  
  16  1:32  Reaper  
  17  1:41  Reaper  
  17  1:45  Orbital Command  
  18  2:04  Reaper  
  19  2:11  Supply Depot  
  19  2:13  Reaper  
  20  2:16  SCV  
  21  2:30  Factory  
  21  2:36  Reaper  
  22  2:40  SCV  
  23  2:45  Reaper  
  24  2:52  SCV  
  25  3:05  SCV  
  24  3:08  Reaper  
  25  3:14  Factory Tech Lab  
  25  3:17  SCV, Reaper  
  23  3:35  Cyclone, SCV  
  23  3:41  Reaper  
  28  3:48  Command Center  
  28  3:49  Reaper  
  28  3:53  Supply Depot  
  28  3:55  SCV  
  29  4:08  SCV  
  30  4:14  Cyclone  
  33  4:20  SCV  
  33  4:21  Mag-Field Accelerator  
  34  4:32  SCV, Supply Depot  
  35  4:46  Cyclone  
  35  4:47  SCV  
  39  4:55  Factory  
  39  4:59  SCV  
  40  5:13  SCV, Orbital Command  
  41  5:18  Cyclone  
  44  5:25  SCV  
  45  5:37  SCV  
  45  5:38  SCV  
  47  5:45  Command Center  
  47  5:46  Factory Reactor  
  47  5:49  SCV  
  48  5:50  SCV  
  48  5:51  Cyclone  
  48  5:56  Refinery x2  
  52  5:58  Barracks Reactor  
  52  6:02  SCV x2  
  54  6:05  Supply Depot  
  54  6:14  SCV x2  
  54  6:17  Factory  
  56  6:23  Hellion x2  
  60  6:26  SCV x2  
  60  6:28  Cyclone  
  63  6:38  SCV x2  
  65  6:45  Hellion x2  
  62  6:50  SCV x2  
  61  7:02  SCV  
  61  7:03  Factory Tech Lab  
  61  7:04  Orbital Command  
  61  7:07  SCV  
  62  7:14  SCV  
  50  7:26  SCV  
  50  7:28  Orbital Command  
  50  7:33  SCV  
  51  7:38  Cyclone, SCV  
  55  7:44  Cyclone  
  55  7:45  SCV  
  55  7:49  Hellion  
  55  7:50  SCV  
  62  7:53  SCV  
  62  7:57  SCV  
  57  8:01  Hellion  
  57  8:03  SCV  
  57  8:05  Orbital Command  
  61  8:09  SCV  
  61  8:13  Factory x2  
  61  8:14  Cyclone  
  61  8:15  SCV, Hellion  
  61  8:17  Hellion  
  69  8:21  SCV  
  69  8:22  Hellion  
  72  8:27  SCV  
  72  8:32  SCV, Supply Depot  
  72  8:33  SCV  
  75  8:36  Hellion  
  75  8:39  SCV  
  75  8:41  Cyclone  
  81  8:44  SCV, Hellion  
  81  8:47  Supply Depot  
  84  8:50  SCV  
  84  8:53  Cyclone  
  84  8:55  Supply Depot x2  
  88  8:58  Factory Tech Lab  
  88  8:59  SCV, Hellion  
  88  9:02  Infernal Pre-Igniter  
  91  9:09  SCV  
  90  9:11  SCV, Hellion x2  
  95  9:17  Cyclone  
  95  9:18  Hellion  
  95  9:20  SCV  
  95  9:21  SCV  
  95  9:23  SCV  
  95  9:24  Supply Depot  
  103  9:29  Refinery x2  
  103  9:32  SCV  
  103  9:33  SCV  
  103  9:36  Cyclone  
  103  9:37  Cyclone  
  111  9:44  Hellion x2  
  108  9:45  SCV  
  108  9:47  SCV x2  
  108  9:49  Cyclone  
  111  9:57  SCV  
  111  9:59  SCV  
  109  10:01  SCV  
  107  10:08  Cyclone  
  107  10:09  Cyclone  
  107  10:10  SCV, Hellion  
  107  10:11  SCV  
  107  10:13  SCV  
  111  10:22  SCV  
  111  10:23  SCV  
  111  10:24  Cyclone  
  111  10:25  SCV  
  117  10:29  Hellion x2  
  117  10:34  SCV, Supply Depot  
  122  10:36  SCV  
  122  10:38  SCV  
  124  10:45  Supply Depot  
  124  10:46  SCV  
  124  10:48  SCV  
  122  10:50  Cyclone, SCV  
  122  10:54  Hellion  
  122  10:55  Hellion  
  122  10:57  Hellion  
  122  10:58  SCV  
  122  11:00  SCV  
  122  11:02  SCV  
  124  11:10  Cyclone, SCV, Hellion  
  126  11:12  SCV  
  126  11:15  SCV, Supply Depot  
  126  11:16  Supply Depot  
  126  11:17  Hellion  
  126  11:24  Hellion  
Tags
 
Add a new tag
Caveats
  • Supply blocks, unpowered buildings, or Contaminate may cause inaccurate times.
  • Supply counts are checked every 10 seconds.